 Dungeon Crawl Stone Soup version 0.23.2-40-g277498a001 (webtiles) character file.

Game seed: 9391230712904284322

389 FishyPogo the Stinger (level 6, -19/44 HPs)
             Began as a Merfolk Venom Mage on Aug 13, 2019.
             Demolished by an ogre
             ... wielding a +0 giant club
              (20 damage)
             ... on level 4 of the Dungeon.
             The game lasted 00:18:43 (4181 turns).

FishyPogo the Stinger (Merfolk Venom Mage)          Turns: 4181, Time: 00:18:45

Health: -19/44     AC:  3    Str:  9    XL:     6   Next: 79%
Magic:  0/10       EV: 14    Int: 14    God:
Gold:   91         SH:  0    Dex: 16    Spells: 5/11 levels left

rFire    . . .     SeeInvis .   a - +2 dagger (holy)
rCold    . . .     Gourm    .   (no shield)
rNeg     . . .     Faith    .   i - +0 leather armour
rPois    +         Spirit   .   (no helmet)
rElec    .         Reflect  .   f - scarf {repulsion}
rCorr    .         Harm     .   (no gloves)
MR       .....                  (no boots)
Stlth    ++........             (no amulet)
HPRegen  0.14/turn              r - ring of poison resistance
MPRegen  0.12/turn              (no ring)

@: repel missiles
A: change form in water, swift swim, stealthy swim
a: no special abilities


You were on level 4 of the Dungeon.
You were not hungry.

You visited 1 branch of the dungeon, and saw 4 of its levels.

You collected 91 gold pieces.

Inventory:

Hand Weapons
 a - a +2 dagger of holy wrath (weapon)
Missiles
 b - 108 stones (quivered)
Armour
 f - a scarf of repulsion (worn)
 i - a +0 leather armour (worn)
Jewellery
 r - a ring of poison resistance (left hand)
Wands
 e - a wand of random effects (26)
Scrolls
 d - 6 scrolls of identify {unknown}
 g - a scroll of fog {unknown}
 j - a scroll of blinking {unknown}
 k - 2 scrolls of teleportation {unknown}
 m - 6 scrolls of remove curse {unknown}
 n - a scroll of magic mapping {unknown}
 s - a scroll of fear {unknown}
Potions
 h - a potion of cancellation
 l - a potion of might {unknown}
 o - 2 potions of heal wounds {unknown}
 p - 2 potions of brilliance {unknown}
Comestibles
 c - 7 rations
 q - 4 chunks of flesh


   Skills:
 + Level 2.1 Fighting
 + Level 4.0 Dodging
 + Level 3.3 Stealth
 + Level 3.0 Spellcasting
 - Level 2.0 Conjurations
 * Level 1.4 Air Magic
 * Level 5.1 Poison Magic


You had 5 spell levels left.
You knew the following spells:

 Your Spells              Type           Power        Failure   Level  Hunger
a - Sting                 Conj/Pois      ##..         7%          1    #......
b - Poisonous Vapours     Pois/Air       ##....       12%         2    ##.....
c - Mephitic Cloud        Conj/Pois/Air  ##......     28%         3    ###....

Your spell library contained the following spells:

 Spells                   Type           Power        Failure   Level  Hunger
 Olgreb's Toxic Radiance  Pois           ###.....     36%         4    #####..
 Venom Bolt               Conj/Pois      ##........   89%         5    ######.


Dungeon Overview and Level Annotations

Branches:
Dungeon (4/15)
 Temple: D:4-7

Altars:


Message History

Ouch! That really hurt!
* * * LOW HITPOINT WARNING * * *
It was a potion of cancellation.
Your magical effects are unravelling.
You feel magically purged.
Your magical contamination has completely faded away.
You feel yourself speed up. The ogre closely misses you.
Casting: Sting (safe; 7% risk of failure)
Confirm with . or Enter, or press ? or * to list all spells.
Aiming: Mephitic Cloud (safe; 28% risk of failure)
Press: ? - help, Shift-Dir - straight line, f/p - orc wizard
Aim: an orc wizard, wielding a +0 dagger and wearing a +0 robe (heavily wounded, fast)
The ball explodes into a vile cloud!
The stinking cloud engulfs the ogre but does no damage.
The stinking cloud engulfs the orc but does no damage.
The orc is engulfed in noxious fumes.
The orc appears confused.
The ogre is engulfed in noxious fumes. x2; The ogre appears confused.
The ogre hits you with a +0 giant club!!
You die...

#.........##.##.##..
#.........##.##.###.
#.........##.##.###. #+
#.........##.##..... ...
#.........##.#####.. ....
######.#####.# ###.. .....
##.###.# #.###.#..
......####☼○.##÷#####........
......')o○☼O@................
.....[####○o.##.########....#
..... ##.###.# #..#.# ....
### #.# ##.##.# ... #.#
#.....# #+ #.# ##..#### #.#
#......# ..# #...##.#
#.......


You could see an ogre (confused), an orc wizard and an orc (confused).

Vanquished Creatures
  Edmund (D:4)
  An orc priest (D:4)
  An orc wizard (D:3)
  An iguana (D:4)
  A worker ant (D:4)
  3 gnolls
  4 adders
  2 oozes
  A worm (D:2)
  3 dart slugs
  6 leopard geckos
  3 orcs (D:3)
  11 bats
  3 giant cockroaches
  7 goblins
  8 hobgoblins
  4 jackals (D:4)
  7 kobolds
  2 quokkas (D:3)
  2 ball pythons (D:3)
  2 frilled lizards (D:1)
  8 rats
81 creatures vanquished.

Notes
Turn   | Place    | Note
-------+----------+-------------------------------------------
     0 | D:1      | FishyPogo the Merfolk Venom Mage began the quest for the
                  | Orb.
     0 | D:1      | Reached XP level 1. HP: 13/13 MP: 3/3
   206 | D:1      | Reached XP level 2. HP: 3/19 MP: 0/5
   536 | D:1      | Learned a level 2 spell: Poisonous Vapours
   560 | D:1      | Reached skill level 1 in Conjurations
   836 | D:1      | Reached XP level 3. HP: 13/25 MP: 4/6
  1286 | D:2      | Reached skill level 4 in Poison Magic
  1391 | D:2      | Reached XP level 4. HP: 27/31 MP: 0/7
  1918 | D:2      | Reached skill level 1 in Fighting
  2548 | D:2      | Reached XP level 5. HP: 21/37 MP: 5/8
  2965 | D:3      | Learned a level 3 spell: Mephitic Cloud
  3475 | D:3      | Noticed a hungry ghost
  3689 | D:3      | Noticed a phantom
  3920 | D:4      | Noticed Edmund
  3930 | D:4      | Killed Edmund
  3930 | D:4      | Reached skill level 1 in Air Magic
  3930 | D:4      | Reached skill level 5 in Poison Magic
  3930 | D:4      | Reached XP level 6. HP: 35/44 MP: 2/10
  4178 | D:4      | HP: 1/44 [ogre/+0 giant club (28)]
  4181 | D:4      | Demolished by an ogre

Skill      XL: |  1  2  3  4  5  6 |
---------------+-------------------+-----
Conjurations   | 1 2 |  2.0
Dodging        | 3 4 |  4.0
Poison Magic   | 4 5 |  5.1
Fighting       | 1 2 |  2.1
Stealth        | 3 |  3.3
Air Magic      | 1 |  1.4
Spellcasting   | 3 |  3.0

Action                   |  1- 3 |  4- 6 || total
-------------------------+-------+-------++-------
Melee: Short sword       |    70 |    63 ||   133
       Dagger            |       |    67 ||    67
Throw: Stone             |     7 |     1 ||     8
 Cast: Sting             |    27 |    63 ||    90
       Poisonous Vapours |     5 |    15 ||    20
       Mephitic Cloud    |       |     1 ||     1
  Use: Potion            |       |     2 ||     2
 Stab: Sleeping          |     2 |     3 ||     5
  Eat: Chunk             |     2 |    11 ||    13
Armor: Robe              |    15 |    10 ||    25
       Leather armour    |       |     5 ||     5
Dodge: Dodged            |    45 |    94 ||   139
       Deflected         |       |     1 ||     1
